 Dungeon Crawl Stone Soup version 0.21-a0-630-g344d351 (webtiles) character file.

388 tof the Ruffian (level 6, -1/53 HPs)
             Began as a Ghoul Monk on Dec 26, 2017.
             Slain by a gnoll
             ... wielding a +0 halberd
              (7 damage)
             ... on level 3 of the Dungeon.
             The game lasted 00:07:11 (2561 turns).

tof the Ruffian (Ghoul Monk)                        Turns: 2561, Time: 00:07:12

Health: -1/53      AC:  5    Str: 15    XL:     6   Next: 79%
Magic:  5/5        EV: 11    Int:  5    God:
Gold:   107        SH:  0    Dex: 13    Spells: 5/5 levels left

rFire    . . .     SeeInvis .     - Unarmed
rCold    + . .     Gourm    .   (no shield)
rNeg     + + +     Faith    .   a - +0 ring mail
rPois    ∞         Spirit   .   (no helmet)
rElec    .         Reflect  .   (no cloak)
rCorr    .         Harm     .   (no gloves)
MR       .....                  (no boots)
Stlth    ++........             (no amulet)
HPRegen  0.00/turn              (no ring)
MPRegen  0.09/turn              (no ring)

@: rotting
A: rotting body, claws 1, carnivore, cold resistance 1, negative energy
resistance 3, inhibited regeneration, torment resistance, unbreathing
a: no special abilities


You were on level 3 of the Dungeon.
You were not hungry.

You visited 1 branch of the dungeon, and saw 3 of its levels.

You collected 107 gold pieces.

Inventory:

Armour
 a - a +0 ring mail (worn)
Scrolls
 c - a scroll of enchant armour {unknown}
 e - a scroll of enchant weapon {unknown}
 i - a scroll of fog {unknown}
 j - a scroll of teleportation {unknown}
 k - a scroll of remove curse {unknown}
 m - 3 scrolls of identify {unknown}
 n - a scroll of random uselessness {unknown}
 o - a scroll of blinking {unknown}
Potions
 d - a potion of heal wounds {unknown}
 f - a potion of berserk rage {unknown}
 g - a potion of degeneration {unknown}
 h - a potion of might {unknown}
 l - a potion of lignification {unknown}
Comestibles
 b - 3 rations


   Skills:
 + Level 4.6 Fighting
 + Level 2.2 Throwing
 + Level 2.4 Armour
 - Level 2.6 Dodging
 + Level 4.2 Stealth
 + Level 4.7 Unarmed Combat


You had 5 spell levels left.
You didn't know any spells.

Dungeon Overview and Level Annotations

Branches:
Dungeon (3/15)

Altars:
Qazlal


Innate Abilities, Weirdness & Mutations

Your body is rotting away.
You thrive on raw meat.
You are immune to poison.
You have sharp fingernails.
You are carnivorous and can eat meat at any time.
Your flesh is cold resistant. (rC+)
You are immune to negative energy. (rN+++)
You do not regenerate when monsters are visible.
You are immune to unholy pain and torment.
You can survive without breathing.


Message History

The hobgoblin is moderately wounded.
The hobgoblin hits you but does no damage.
A rat comes into view.
You scratch the hobgoblin but do no damage.
The hobgoblin is moderately wounded.
The hobgoblin hits you but does no damage.
You scratch the hobgoblin.
You kill the hobgoblin!
The gnoll throws a throwing net.
The throwing net hits you.
You become entangled in the net!
You struggle against the net.
You struggle against the net.
The gnoll closely misses you.
The gnoll hits you from afar with a halberd!
* * * LOW HITPOINT WARNING * * *
You struggle against the net.
The walls and floor vibrate strangely for a moment.
The gnoll hits you but does no damage.
You rip the net and break free!
The gnoll hits you from afar with a halberd!
You die...

# #####<##.###...#
#######.##.# #####
........##.#
##########.# #.# #.#
######.### ######
#........######....#
#(####.#.#..@ggr.#
###.#.#.####..#
#.......# #.)#
#.....### #g.#
#.....# #....#
.......# ....##
..<.#.### ###..#
#####. ... #+ #.#.


You could see 2 gnolls and a rat.

Vanquished Creatures
  Grinder (D:2)
  The ghost of Ketzopolo the Ruffian, a weakling TrMo (D:3)
  Natasha (twice) (D:2)
  2 gnolls (D:3)
  3 adders
  A worm (D:3)
  A dart slug (D:1)
  An orc (D:3)
  3 giant cockroaches
  8 goblins
  8 hobgoblins
  2 jackals (D:2)
  A quokka (D:2)
  5 bats
  A frilled lizard (D:2)
  4 kobolds
  8 rats
52 creatures vanquished.

Notes
Turn   | Place    | Note
-------+----------+-------------------------------------------
     0 | D:1      | tof the Ghoul Monk began the quest for the Orb.
     0 | D:1      | Reached XP level 1. HP: 19/19 MP: 0/0
   214 | D:1      | Reached XP level 2. HP: 23/25 MP: 1/1
   818 | D:2      | Reached XP level 3. HP: 31/31 MP: 2/2
   904 | D:2      | Reached skill level 1 in Armour
   976 | D:2      | Found a stormy altar of Qazlal.
  1301 | D:2      | Reached XP level 4. HP: 36/40 MP: 3/3
  1390 | D:2      | Noticed Natasha
  1400 | D:2      | Killed Natasha
  1400 | D:2      | Reached skill level 1 in Throwing
  1536 | D:2      | Noticed Natasha
  1559 | D:2      | Killed Natasha
  1895 | D:3      | Noticed Grinder
  1901 | D:3      | Noticed Ketzopolo's ghost (weakling TrMo)
  1904 | D:3      | Paralysed by Grinder for 6 turns
  1915 | D:2      | Paralysed by Grinder for 6 turns
  1923 | D:2      | Killed Grinder
  1923 | D:2      | Reached XP level 5. HP: 6/44 MP: 4/4
  1923 | D:2      | Reached XP level 6. HP: 6/50 MP: 5/5
  2211 | D:3      | Killed Ketzopolo's ghost
  2561 | D:3      | Slain by a gnoll

Vault maps used:
D:1:      evilmike_arrival_plus
D:2:      grunt_qazlal_sundering, uniq_natasha
D:3:      lemuel_castle_with_subvaults, portal_sewer_entry_e, uniq_sigmund,
          uniq_ijyb, uniq_grinder

Skill      XL: |  1  2  3  4 |
---------------+-------------+-----
Armour         | 1 2 |  2.4
Stealth        | 3 4 |  4.2
Throwing       | 2 |  2.2
Fighting       | 4 |  4.6
Unarmed Combat | 4 |  4.7
Dodging        | |  2.6

Action                   |  1- 3 |  4- 6 || total
-------------------------+-------+-------++-------
Melee: Unarmed           |   108 |    89 ||   197
       Punch             |       |     2 ||     2
 Stab: Sleeping          |     2 |     2 ||     4
  Eat: Chunk             |    11 |     9 ||    20
Armor: Robe              |     6 |       ||     6
       Leather armour    |     6 |       ||     6
       Ring mail         |    27 |    22 ||    49
Dodge: Dodged            |    73 |    46 ||   119

Table legend:
 A = Spawn XP
 B = Non-spawn XP
 C = Spawn XP percentage of total XP
 D = Spawn monster count
 E = Non-spawn monster count
 F = Spawn count percentage of total count
 G = Total turns spent on level
                    A         B        C        D         E        F      G
               +---------+---------+-------+---------+---------+-------+---------
         Total |       0 |     555 |   0.0 |       0 |      52 |   0.0 |  2561
               +---------+---------+-------+---------+---------+-------+---------
           D:1 |       0 |      33 |   0.0 |       0 |      20 |   0.0 |   742
           D:2 |       0 |     393 |   0.0 |       0 |      20 |   0.0 |  1436
           D:3 |       0 |     129 |   0.0 |       0 |      12 |   0.0 |   383
               +---------+---------+-------+---------+---------+-------+---------
